 Dungeon Crawl Stone Soup version 0.30.1-4-g462c640d31 (webtiles) character file.

Game seed: 10819795569430229000

16349 jurchenman the Protected (level 12, -2/110 HPs)
             Began as a Minotaur Fighter on Aug 25, 2023.
             Was a High Priest of Makhleb.
             Slain by a meliai
             ... wielding a +0 hand axe
              (3 damage)
             ... while petrified by a basilisk
             ... on level 2 of the Lair of Beasts on Aug 28, 2023.
             The game lasted 00:31:10 (11106 turns).

jurchenman the Protected (Minotaur Fighter)        Turns: 11106, Time: 00:31:11

Health: -2/110     AC:  9    Str: 25    XL:     12   Next: 9%
Magic:  0/17       EV:  2    Int:  5    God:    Makhleb [*****.]
Gold:   676        SH:  0    Dex: 11    Spells: 11/11 levels left

rFire   + + .        M - +7 Throatcutter {drain, coup de grace}
rCold   . . .        c - +1 buckler
rNeg    + + +        l - +2 ring mail {rF+}
rPois   ∞            (helmet restricted)
rElec   .            (no cloak)
rCorr   .            (no gloves)
SInv    .            (no boots)
Will    .....        z - amulet of guardian spirit
Stlth   +            j - +5 ring of evasion
HPRegen 0.38/turn    o - ring of protection from fire
MPRegen 0.15/turn

%: guardian spirit
@: lethally poisoned (-2 -> -2), petrified
A: horns 2, retaliatory headbutt
a: Renounce Religion, Minor Destruction, Lesser Servant of Makhleb, Major
Destruction, Greater Servant of Makhleb


You were on level 2 of the Lair of Beasts.
You worshipped Makhleb.
Makhleb was extremely pleased with you.
You visited 3 branches of the dungeon, and saw 12 of its levels.
You also visited: Bailey.

You collected 676 gold pieces.

Inventory:

Hand Weapons
 a - a +1 war axe of flaming
 b - a +1 sling of freezing
 d - a +3 flail of protection
 n - a +0 sling
 C - a +4 war axe
 I - a +2 halberd of electrocution
 M - the +7 Throatcutter (weapon) {drain, coup de grace}
   (You found it on level 9 of the Dungeon)
 P - a +2 scimitar of flaming
 R - a +0 war axe of flaming
Missiles
 h - 81 stones (quivered)
 x - a throwing net
 A - 4 curare-tipped darts
 K - 15 poisoned darts
 O - 11 boomerangs
Armour
 c - a +1 buckler (worn)
 l - a +2 ring mail of fire resistance (worn)
 s - a +0 scale mail
 L - a +0 plate armour
Jewellery
 j - a +5 ring of evasion (left hand)
 o - a ring of protection from fire (right hand)
 v - a ring of fire
 y - a +6 ring of intelligence
 z - an amulet of guardian spirit (around neck)
Wands
 q - a wand of roots (12)
 B - a wand of flame (70)
 D - a wand of polymorph (11)
 N - a wand of digging (13)
 Q - a wand of paralysis (4)
Scrolls
 p - 4 scrolls of teleportation
 w - 2 scrolls of blinking
 S - 2 scrolls of magic mapping
 T - a scroll of silence
Potions
 e - 3 potions of berserk rage
 f - 6 potions of lignification {unknown}
 g - 5 potions of curing
 i - 7 potions of haste
 k - a potion of heal wounds
 m - 4 potions of attraction {unknown}
 r - 3 potions of mutation {unknown}
 t - 2 potions of flight {unknown}
 u - 6 potions of magic {unknown}
 E - a potion of might
 F - 4 potions of resistance {unknown}
 G - a potion of cancellation {unknown}
 H - 3 potions of invisibility {unknown}
 J - a potion of brilliance {unknown}


   Skills:
 + Level 11.3 Fighting
 + Level 6.3 Long Blades
 - Level 9.5 Axes
 - Level 6.3 Throwing
 + Level 11.3 Armour
 + Level 4.7 Dodging
 - Level 5.4 Shields
 + Level 8.8 Invocations


You had 11 spell levels left.
You didn't know any spells.
Your spell library contained the following spells:

 Spells                   Type           Power      Damage    Failure   Level
 Kiss of Death            Conj/Necr      0%         2d5       65%         1
 Sandblast                Erth           0%         2d4       65%         1
 Slow                     Hex            0%         N/A       65%         1
 Confusing Touch          Hex            0%         N/A       95%         3
 Ignite Poison            Fire/Tmut/Pois 0%         N/A       95%         3
 Stone Arrow              Conj/Erth      0%         3d7       95%         3
 Tukima's Dance           Hex            0%         N/A       95%         3
 Vampiric Draining        Necr           0%         2d6       95%         3
 Animate Armour           Summ/Erth      0%         N/A       100%        4
 Dispel Undead            Necr           0%         3d6       100%        4
 Passage of Golubria      Tloc           0%         N/A       100%        4
 Yara's Violent Unravell  Hex/Tmut       0%         3d3       100%        5
 Lehudib's Crystal Spear  Conj/Erth      0%         10d2      100%        8
 Necromutation            Tmut/Necr      0%         N/A       100%        8


Dungeon Overview and Level Annotations

Branches:
Dungeon (9/15)             Temple (1/1) D:7            Lair (2/5) D:9
  Snake (0/4) Lair:2       Bailey (visited)
  Swamp: Lair:2-3    Shoals: Lair:2-3       Orc: D:9-12

Altars:
Ashenzari
Cheibriados
Dithmenos
Elyvilon
Fedhas
Gozag
Hepliaklqana
Kikubaaqudgha
Makhleb
Nemelex Xobeh
Okawaru
Qazlal
Ru
Sif Muna
Trog
Uskayaw
Vehumet
Wu Jian
Xom
Yredelemnul
Zin
The Shining One

Shops:
D:1 ***(   D:6 *   D:9 !

Annotations:
D:7 3 runed translucent doors, viagra's ghost, novice MiBe


Innate Abilities, Weirdness & Mutations

You have a pair of horns on your head.
You reflexively headbutt those who attack you in melee.


Message History

The meliai stings you but does no damage.
The killer bee stings you. The meliai hits you with a +0 hand axe.
The meliai stings you.
* * * LOW HITPOINT WARNING * * *
The basilisk bites you but does no damage.
The meliai barely misses you.
The meliai stings you but does no damage.
The killer bee stings you.
* * * LOW HITPOINT WARNING * * *
The killer bee stings you but does no damage.
The meliai hits you with a +0 hand axe.
* * * LOW HITPOINT WARNING * * *
The meliai stings you but does no damage.
The basilisk bites you!
* * * LOW HITPOINT WARNING * * *
The meliai hits you with a +0 hand axe.
The meliai stings you but does no damage.
The killer bee stings you. The killer bee stings you.
* * * LOW HITPOINT WARNING * * *
The meliai hits you with a +0 hand axe!
* * * LOW HITPOINT WARNING * * *
The meliai stings you but does no damage.
The basilisk gazes at you.
The meliai calls down the wrath of its god upon you.
Something smites you!
* * * LOW HITPOINT WARNING * * *
The killer bee stings you. The killer bee stings you.
* * * LOW HITPOINT WARNING * * *
The meliai hits you with a +0 hand axe. The meliai stings you.
* * * LOW HITPOINT WARNING * * *
The basilisk gazes at you. The meliai hits you but does no damage.
The meliai stings you.
* * * LOW HITPOINT WARNING * * *
The killer bee stings you but does no damage.
The killer bee stings you!
* * * LOW HITPOINT WARNING * * *
The meliai hits you with a +0 hand axe.
You die...

#.### #...#...# ..#...#
##
#####.....#####k....##
##...†#...##..........y
##.....#####.....##
#.......# #...#...#
#......#####)....##
###...#....†#...##
#####....y#####
#...#ll@# ##...yy##
##...y# #####.. l.! ...
#... ####


You could see a basilisk, a wyvern, a meliai (drained) and 3 killer bees.

Vanquished Creatures
  A catoblepas (Lair:1)
  Erica (Lair:1)
  A two-headed ogre (D:8)
  Amaemon (Lair:1)
  Pikel (D:6)
  Joseph (D:7)
  4 black mambas
  3 cane toads
  An orange demon (Lair:1)
  A rime drake (Lair:2)
  2 komodo dragons (Lair:1)
  Maggie (Lair:1)
  2 meliai (Lair:2)
  3 hornets
  A wraith (D:9)
  14 yaks
  5 wyverns
  A basilisk (Lair:2)
  4 steam dragons
  Edmund (D:6)
  2 acid dragons
  11 water moccasins
  2 orc warriors
  2 sky beasts
  3 ice beasts
  An ogre (D:5)
  3 centaurs
  3 wolves (Lair:2)
  A phantom (D:6)
  2 kobold brigands (D:8)
  7 bullfrogs
  2 scorpions (D:4)
  5 wights
  16 killer bees
  2 howler monkeys (D:8)
  4 hounds
  2 jellies
  3 orc priests
  4 iguanas
  A hell rat (Lair:2)
  Ijyb (D:4)
  4 orc wizards
  Robin (D:2)
  12 gnolls
  8 adders
  A shadow imp (D:7)
  A white imp (D:6)
  An ufetubus (D:4)
  A worm (D:5)
  A dart slug (D:5)
  38 orcs
  9 bats
  8 endoplasms
  A giant cockroach (D:1)
  18 goblins
  6 hobgoblins
  2 jackals (D:1)
  4 quokkas
  5 ball pythons
  A frilled lizard (D:2)
  8 kobolds
  6 rats
262 creatures vanquished.

Notes
Turn   | Place    | Note
-------+----------+-------------------------------------------
     0 | D:1      | jurchenman the Minotaur Fighter began the quest for the
                  | Orb.
     0 | D:1      | Reached XP level 1. HP: 19/19 MP: 0/0
   143 | D:1      | Found Kiefonoo's General Store.
   188 | D:1      | Found Xoeclof's General Store.
   205 | D:1      | Reached XP level 2. HP: 27/27 MP: 1/1
   596 | D:1      | Found Fuacy's Weapon Emporium.
   744 | D:1      | Found Nehesogu's Assorted Antiques.
   951 | D:2      | Found a sacrificial altar of Ru.
  1027 | D:2      | Found a faded altar of an unknown god.
  1097 | D:2      | Reached XP level 3. HP: 31/33 MP: 2/2
  1511 | D:2      | Noticed Robin
  1529 | D:2      | Reached skill level 1 in Throwing
  1535 | D:2      | Killed Robin
  1536 | D:2      | Reached XP level 4. HP: 36/40 MP: 3/3
  1854 | D:3      | Found a burning altar of Makhleb.
  1863 | D:3      | Became a worshipper of Makhleb the Destroyer
  2107 | D:3      | Found a basalt altar of Yredelemnul.
  2306 | D:3      | Found a bloodstained altar of Trog.
  2732 | D:4      | Reached XP level 5. HP: 47/47 MP: 4/4
  2767 | D:4      | Reached skill level 1 in Invocations
  3072 | D:4      | Reached XP level 6. HP: 55/55 MP: 6/6
  3103 | D:4      | Reached * piety under Makhleb
  3104 | D:4      | Reached skill level 5 in Armour
  3157 | D:4      | Reached skill level 5 in Fighting
  3418 | D:5      | Entered Level 5 of the Dungeon
  3419 | D:5      | Noticed Ijyb
  3430 | D:4      | Killed Ijyb
  3704 | D:5      | Found a shimmering altar of Xom.
  3711 | D:5      | Reached XP level 7. HP: 57/61 MP: 7/7
  4026 | D:5      | Got the Omnibus of the Fluctuating Crater
  4331 | D:5      | Reached skill level 5 in Axes
  4635 | D:6      | Reached XP level 8. HP: 70/70 MP: 9/9
  4685 | D:6      | Noticed Edmund
  4693 | D:6      | Killed Edmund
  4707 | D:6      | Noticed Pikel
  4714 | D:6      | Killed Pikel
  4729 | D:6      | Reached ** piety under Makhleb
  4795 | D:6      | Found Jatioryush's Assorted Antiques.
  4875 | D:6      | Reached XP level 9. HP: 61/79 MP: 8/11
  4966 | D:6      | Reached skill level 5 in Throwing
  5187 | D:6      | Reached skill level 5 in Invocations
  5376 | D:7      | Noticed viagra's ghost (novice MiBe)
  5404 | D:7      | Noticed Joseph
  5421 | D:7      | Killed Joseph
  5573 | D:7      | Found a glowing silver altar of Zin.
  5716 | D:7      | Found a staircase to the Ecumenical Temple.
  5784 | D:7      | Found a runed translucent gate.
  5785 | D:7      | Found a runed translucent gate.
  5785 | D:7      | Found a runed translucent gate.
  6152 | Temple   | Entered the Ecumenical Temple
  6345 | D:8      | Noticed a two-headed ogre
  6351 | D:8      | Killed a two-headed ogre
  6378 | D:8      | Found a flagged portal.
  6446 | Bailey   | Entered a bailey
  6752 | Bailey   | Reached *** piety under Makhleb
  7084 | D:8      | Reached XP level 10. HP: 73/86 MP: 10/13
  7670 | D:8      | Reached skill level 5 in Shields
  8038 | D:9      | Found a stormy altar of Qazlal.
  8106 | D:9      | Paralysed by a hornet for 2 turns
  8204 | D:9      | Found the +7 Throatcutter {drain, coup de grace}
  8246 | D:9      | Paralysed by a hornet for 3 turns
  8254 | D:9      | Reached skill level 1 in Long Blades
  8358 | D:9      | Found Anloe's Distillery.
  8628 | D:9      | Reached **** piety under Makhleb
  8806 | D:9      | Found a staircase to the Lair.
  9094 | Lair:1   | Entered Level 1 of the Lair of Beasts
  9110 | Lair:1   | Noticed a cane toad
  9119 | Lair:1   | Killed a cane toad
  9120 | Lair:1   | Reached XP level 11. HP: 80/99 MP: 12/15
  9200 | Lair:1   | Noticed Maggie
  9210 | Lair:1   | Killed Maggie
  9211 | Lair:1   | Reached skill level 10 in Armour
  9223 | Lair:1   | Reached skill level 10 in Fighting
  9228 | Lair:1   | Reached skill level 1 in Dodging
  9574 | Lair:1   | Noticed Amaemon
  9594 | Lair:1   | Killed Amaemon
  9834 | Lair:1   | Noticed Erica
  9836 | Lair:1   | Noticed a catoblepas
  9852 | Lair:1   | Killed Erica
  9866 | Lair:1   | Killed a catoblepas
  9867 | Lair:1   | Reached skill level 5 in Long Blades
 10429 | Lair:2   | Found a staircase to the Snake Pit.
 11039 | Lair:2   | Reached XP level 12. HP: 102/110 MP: 17/17
 11060 | Lair:2   | Reached ***** piety under Makhleb
 11105 | Lair:2   | HP: 5/110 [killer bee (3)]
 11105 | Lair:2   | HP: 2/110 [meliai/+0 hand axe (1)]
 11106 | Lair:2   | Slain by a meliai

Illustrated notes

Levels and vault maps discovered:
D:1:      roderic_chinese_lattice_arrival, layout_basic, serial_shops,
          shop_statue, nicolae_shop_hallway_plus,
          nicolae_shop_temple_entry_statues_fountains, shop
D:2:      layout_loops_corners, basic_altar, basic_ecumenical_altar,
          nrook_loot_triangle, nrook_mini_backslash, uniq_robin
D:3:      layout_basic, bloody_makhleb, lightli_temple_of_fire,
          mainiacjoe_overflow_boulevard, kennysheep_flooded_box
D:4:      layout_basic
D:5:      layout_basic, mainiacjoe_overflow_cross_hatched, uniq_ijyb
D:6:      layout_basic, serial_shops, shop, dk_rats_in_the_wall, uniq_pikel,
          uniq_edmund
D:7:      layout_loops_ring, old_standard_altar, minmay_temple_entry_tees,
          gammafunk_ghost_icy, uniq_joseph
D:8:      minmay_razor_zed, layout_loops_ring, enter_bailey_5
D:9:      layout_loops_ring, lemuel_crystal_altar, lair_entry_dummy,
          serial_shops, shop
Temple:   nicolae_temple_elliptical
Lair:1:   layout_misc_corridors, uniq_amaemon, uniq_erica, uniq_maggie
Lair:2:   regret_index_combs_of_tragedy, layout_layer_cave,
          nicolae_swamp_entry_spooky, minmay_snake_entry_six_corridors,
          chequers_serial_rivers_room_b

Skill      XL: |  1  2  3  4  5  6  7  8  9 10 11 |
---------------+----------------------------------+-----
Shields        | 4 5 |  5.4
Fighting       | 4 5 6 7 8 9 11 | 11.3
Armour         | 4 5 6 7 8 9 11 | 11.3
Axes           | 3 4 5 6 8 9 |  9.5
Throwing       | 1 2 3 4 6 |  6.3
Invocations    | 1 2 3 4 6 7 8 |  8.8
Long Blades    | 3 6 |  6.3
Dodging        | 4 |  4.7

Action                     |  1- 3 |  4- 6 |  7- 9 | 10-12 || total
---------------------------+-------+-------+-------+-------++-------
  Melee: War axe           |    72 |    99 |   197 |   129 ||   497
         Headbutt          |     9 |    14 |    32 |    65 ||   120
         Long sword        |       |       |       |   214 ||   214
   Fire: Sling             |       |     7 |    12 |       ||    19
  Throw: Stone             |       |       |     1 |       ||     1
 Invoke: Minor Destruction |       |       |       |     6 ||     6
    Use: Scroll            |       |    10 |     6 |     1 ||    17
         Potion            |       |       |     2 |     6 ||     8
   Stab: Petrified         |       |       |       |    13 ||    13
 Armour: Scale mail        |    33 |    22 |       |       ||    55
         Ring mail         |       |     6 |    50 |   106 ||   162
  Dodge: Dodged            |    47 |    69 |   164 |   265 ||   545
  Block: Buckler           |    22 |    31 |    63 |   110 ||   226
